 Dungeon Crawl Stone Soup version 0.31-a0-237-g2d982f9f85 (webtiles) character file.

Game seed: 5718098858134343474

162 qw the Shooter (level 5, -1/31 HPs)
             Began as a Gargoyle Hexslinger on July 10, 2023.
             Slain by an orc
             ... wielding a +2 hand axe of freezing
              (6 damage)
             ... on level 3 of the Dungeon.
             The game lasted 00:00:46 (2277 turns).

qw the Shooter (Gargoyle Hexslinger)                Turns: 2277, Time: 00:00:46

Health: -1/31      AC:  6    Str: 12    XL:     5   Next: 43%
Magic:  6/6        EV: 12    Int: 13    God:
Gold:   92         SH:  0    Dex: 14    Spells: 5/6 levels left

rFire   . . .        f - +1 sling (heavy)
rCold   . . .        (no shield)
rNeg    + . .        c - +0 robe
rPois   inf          (no helmet)
rElec   +            (no cloak)
rCorr   .            (no gloves)
SInv    .            (no boots)
Will    .....        (no amulet)
Stlth   +            (no ring)
HPRegen 0.25/turn    (no ring)
MPRegen 0.10/turn

%: no passive effects
@: no status effects
A: sickness immunity, AC +4, negative energy resistance 1, electricity
resistance, torment resistance 1, petrification resistance
a: no special abilities


You were on level 3 of the Dungeon.
You visited 1 branch of the dungeon, and saw 3 of its levels.

You collected 92 gold pieces.


Innate Abilities, Weirdness & Mutations

You are immune to sickness and miasma.
Your stone body is resilient. (AC +4)
You are immune to poison.
You resist negative energy. (rN+)
You are resistant to electric shocks. (rElec)
You are resistant to unholy torment.
You are immune to petrification.


   Skills:
 + Level 2.6 Fighting
 - Level 5.0 Ranged Weapons
 - Level 1.5 Dodging
 - Level 1.0 Spellcasting
 - Level 2.6 Hexes


You had 5 spell levels left.
You knew the following spells:

 Your Spells              Type           Power      Damage    Failure   Level
a - Slow                  Hex            28%        N/A       10%         1

Your spell library contained the following spells:

 Spells                   Type           Power      Damage    Failure   Level
 Inner Flame              Hex/Fire       4%         N/A       43%         3
 Portal Projectile        Hex/Tloc       8%         N/A       43%         3
 Cause Fear               Hex            3%         N/A       67%         4

Inventory:

Hand Weapons
 f - a +1 heavy sling (weapon)
Armour
 c - a +0 robe (worn)
 n - a +0 ring mail
 o - a +0 leather armour
Jewellery
 b - a ring of ice
Scrolls
 a - a scroll of identify
 i - a scroll of blinking {unknown}
 m - 2 scrolls of enchant weapon {unknown}
Potions
 d - a potion of attraction {unknown}
 e - a potion of berserk rage {unknown}
 g - 5 potions of curing
 h - a potion of might {unknown}
 j - a potion of heal wounds {unknown}
 k - a potion of brilliance {unknown}
 l - a potion of magic {unknown}

Dungeon Overview and Level Annotations

Branches:
Dungeon (3/15)

Altars:

Shops:
D:1 [


Message History

You kill the orc!
An orc comes into view. It is wielding a +0 hand axe.
Found a stone staircase leading down.
You see here a +0 club.
Enter note:
Enter note: You shoot a sling bullet.
The sling bullet hits the orc!
You kill the orc!
You hear a shout!
An orc comes into view. It is wielding a +0 flail.
You shoot a sling bullet.
The sling bullet hits the orc but does no damage.
An orc comes into view.
It is wielding a +2 hand axe of freezing.
You shoot a sling bullet. The sling bullet hits the orc!
The orc is almost dead.
The orc hits you with a +0 flail! The orc barely misses you.
You shoot a sling bullet.
The sling bullet closely misses the orc.
The orc barely misses you.
The orc throws a boomerang.
The boomerang completely misses you.
You shoot a sling bullet. The sling bullet hits the orc.
You kill the orc!
You shoot a sling bullet.
The sling bullet closely misses the orc.
The orc barely misses you. The orc hits you but does no damage.
You shoot a sling bullet. The sling bullet hits the orc.
The orc is moderately wounded.
The orc misses you.
The orc hits you with a +2 hand axe of freezing!
The orc freezes you.
You shoot a sling bullet. The sling bullet hits the orc.
The orc is heavily wounded.
The orc hits you with a +2 hand axe of freezing.
The orc freezes you.
The orc hits you with a +2 hand axe of freezing.
The orc freezes you.
You shoot a sling bullet.
The sling bullet closely misses the orc.
The orc hits you with a +2 hand axe of freezing.
You die...

####################
#..)@..............##
#.#o#####.######.....
#. #..).......... #)
#..######.#.## ..
#..# #.#.# ># #..#
#.#.# #. #..# #.#.#
## #..# #.#.#
#..######.#.#


You could see an orc.

Vanquished Creatures
  Natasha (thrice) (D:2)
  2 adders (D:2)
  3 worms (D:2)
  A dart slug (D:2)
  3 orcs (D:3)
  5 ball pythons
  2 bats
  3 endoplasms
  5 giant cockroaches
  3 hobgoblins
  12 kobolds
  2 quokkas (D:1)
  2 frilled lizards
  6 goblins
  4 rats (D:1)
56 creatures vanquished.

Notes
Turn   | Place    | Note
-------+----------+-------------------------------------------
     0 | D:1      | qw the Gargoyle Hexslinger began the quest for the Orb.
     0 | D:1      | Reached XP level 1. HP: 12/12 MP: 2/2
     0 | D:1      | 0 ||| qw: Version: 0.3-a-52-g30416fa
     0 | D:1      | 0 ||| qw: Game counter: 5014
     0 | D:1      | 0 ||| qw: Melee chars always use a shield: true
     0 | D:1      | 0 ||| qw: God list: Okawaru
     0 | D:1      | 0 ||| qw: Allow faded altars: false
     0 | D:1      | 0 ||| qw: Do Orc after clearing Dungeon:15 true
     0 | D:1      | 0 ||| qw: Do second Lair branch before Depths: true
     0 | D:1      | 0 ||| qw: Lair rune preference: random
     0 | D:1      | 0 ||| qw: Goals: Normal
     0 | D:1      | 0 ||| PLANNING D:1-11
   133 | D:1      | Reached XP level 2. HP: 16/16 MP: 3/3
   135 | D:1      | 135 ||| Stepping ~*~*~tactically~*~*~ (water).
   329 | D:1      | Reached skill level 3 in Ranged Weapons
   525 | D:1      | Found Jierabb's Armour Boutique.
   533 | D:1      | 533 ||| SHOPLISTING +0 cloak (63 gold, have 21).
   533 | D:1      | 533 ||| SHOPLISTING +0 leather armour (28 gold, have 21).
   533 | D:1      | 533 ||| SHOPLISTING +0 ring mail (56 gold, have 21).
   533 | D:1      | 533 ||| SHOPLISTING +1 cloak (161 gold, have 21).
   551 | D:1      | Reached XP level 3. HP: 21/21 MP: 4/4
  1159 | D:1      | 1159 ||| READING 3 scrolls labelled TICLEV DEJALEE.
  1160 | D:1      | 1160 ||| READING scroll labelled ROTHRE TYMEFFE.
  1161 | D:1      | 1161 ||| READING scroll labelled DIHOYROINO.
  1164 | D:1      | 1164 ||| READING 2 scrolls of identify.
  1164 | D:1      | 1164 ||| IDENTIFYING metallic sapphire potion
  1165 | D:1      | 1165 ||| DROPPING scroll of poison.
  1300 | D:2      | Noticed Natasha
  1302 | D:2      | 1302 ||| FLEEEEING.
  1303 | D:2      | 1303 ||| FLEEEEING.
  1304 | D:2      | 1304 ||| FLEEEEING.
  1305 | D:2      | 1305 ||| FLEEEEING.
  1306 | D:2      | 1306 ||| FLEEEEING.
  1310 | D:2      | 1310 ||| FLEEEEING.
  1314 | D:2      | Killed Natasha
  1315 | D:2      | Reached XP level 4. HP: 23/26 MP: 5/5
  1386 | D:2      | Noticed Natasha
  1389 | D:2      | Killed Natasha
  1390 | D:2      | Reached skill level 4 in Ranged Weapons
  1396 | D:2      | Noticed Natasha
  1401 | D:2      | Killed Natasha
  1632 | D:2      | Reached XP level 5. HP: 25/30 MP: 6/6
  1663 | D:2      | Found a faded altar of an unknown god.
  1709 | D:2      | Reached skill level 5 in Ranged Weapons
  1923 | D:2      | 1923 ||| DROPPING scarf of harm.
  2276 | D:3      | HP: 6/31 [orc/+2 hand axe of freezing (5)]
  2277 | D:3      | Slain by an orc

Levels and vault maps discovered:
D:1:      lightli_arrival_statue_moat, layout_loops_corners, serial_rivers,
          chequers_serial_rivers_room_a, chequers_serial_rivers_small_3,
          chequers_serial_rivers_room_b, chequers_serial_rivers_marsh,
          chequers_serial_rivers_micro_e, serial_shops, shop_fountains
D:2:      layout_basic, hellmonk_ecumenical_altar_heavens_door,
          hangedman_glass_teeth, kennysheep_boxes, uniq_natasha
D:3:      layout_loops_ring, dreamdust_princess_corridor

Skill      XL: |  1  2  3  4  5 |
---------------+----------------+-----
Ranged Weapons | 3 4 5 |  5.0
Fighting       | 2 |  2.6
Dodging        | |  1.5
Spellcasting   | |  1.0
Hexes          | |  2.6

Action                     |  1- 3 |  4- 6 || total
---------------------------+-------+-------++-------
   Fire: Sling             |   101 |    78 ||   179
    Use: Scroll            |     4 |       ||     4
 Armour: Robe              |    18 |     6 ||    24
  Dodge: Dodged            |    27 |    16 ||    43

Table legend:
 A = Non-vault XP
 B = Vault XP
 C = Vault XP percentage of total XP
 D = Non-vault monster count
 E = Vault monster count
 F = Vault count percentage of total count
                 A         B        C        D         E       F
            +---------+---------+-------+---------+---------+-------
      Total |     199 |      33 |  14.2 |      55 |       1 |   1.8
            +---------+---------+-------+---------+---------+-------
        D:1 |      43 |       0 |   0.0 |      27 |       0 |   0.0
        D:2 |     139 |      33 |  19.2 |      20 |       1 |   4.8
        D:3 |      17 |       0 |   0.0 |       8 |       0 |   0.0
            +---------+---------+-------+---------+---------+-------
